 Dungeon Crawl Stone Soup version 0.23-a0-151-gf6d1ed2 (webtiles) character file.

119 popedarpa the Skirmisher (level 5, 0/54 HPs)
             Began as an Ogre Arcane Marksman on Sept 9, 2018.
             Slain by an orc
             ... wielding a +0 hand axe
              (4 damage)
             ... on level 3 of the Dungeon.
             The game lasted 00:17:48 (4046 turns).

popedarpa the Skirmisher (Ogre Arcane Marksman)     Turns: 4046, Time: 00:17:48

Health: 0/54       AC:  3    Str: 14    XL:     5   Next: 3%
Magic:  3/8        EV: 10    Int: 14    God:
Gold:   181        SH:  0    Dex: 10    Spells: 7/8 levels left

rFire    . . .     SeeInvis .   g - +0 club
rCold    . . .     Gourm    .   (no shield)
rNeg     . . .     Faith    .   a - +0 robe
rPois    .         Spirit   .   (helmet restricted)
rElec    .         Reflect  .   (no cloak)
rCorr    .         Harm     .   (gloves unavailable)
MR       .....                  (boots unavailable)
Stlth    ++........             (no amulet)
HPRegen  0.18/turn              t - ring of stealth
MPRegen  0.11/turn              (no ring)

@: lethally poisoned (0 -> -2), very slightly contaminated
A: large, unfitting armour, tough skin 1
a: no special abilities


You were on level 3 of the Dungeon.
You were not hungry.

You visited 1 branch of the dungeon, and saw 3 of its levels.

You collected 181 gold pieces.

Inventory:

Hand Weapons
 e - a +0 dagger
 g - a +0 club (weapon)
 k - a +0 club
 m - a +1 dagger of electrocution
Missiles
 d - a throwing net (quivered)
 l - 31 stones
Armour
 a - a +0 robe (worn)
 j - a scarf of resistance
Jewellery
 t - a ring of stealth (left hand)
Scrolls
 n - a scroll of enchant weapon {unknown}
 o - 2 scrolls of amnesia {unknown}
 p - 2 scrolls of teleportation {unknown}
 q - a scroll of remove curse {unknown}
 u - a scroll of identify {unknown}
Potions
 b - a potion of brilliance {unknown}
 h - a potion of lignification {unknown}
 i - a potion of agility {unknown}
 r - a potion of degeneration {unknown}
Comestibles
 f - 3 rations


   Skills:
 + Level 3.7 Fighting
 + Level 0.8 Maces & Flails
 + Level 3.1 Throwing
 - Level 1.7 Dodging
 + Level 2.2 Spellcasting
 - Level 3.1 Hexes


You had 7 spell levels left.
You knew the following spells:

 Your Spells              Type           Power        Failure   Level  Hunger
a - Corona                Hex            ##.....      7%          1    #......

Your spell library contained the following spells:

 Spells                   Type           Power        Failure   Level  Hunger
 Slow                     Hex            ##......     10%         2    ###....
 Inner Flame              Hex/Fire       #.......     36%         3    ###....
 Portal Projectile        Hex/Tloc       #.....       36%         3    ###....
 Cause Fear               Hex            ##........   54%         4    #####..
 Leda's Liquefaction      Hex/Erth       #.........   77%         4    #####..


Dungeon Overview and Level Annotations

Branches:
Dungeon (3/15)

Altars:
Zin


Innate Abilities, Weirdness & Mutations

You are too large for most types of armour.
You have tough skin. (AC +1)


Message History

Press: ? - help, Shift-Dir - straight line, f - orc
Aim: an orc, wielding a hand axe You throw a large rock.
The large rock barely misses the orc.
You feel sick. The orc hits you with a hand axe.
* * * LOW HITPOINT WARNING * * *
Casting: Corona (safe; 7% risk of failure)
Confirm with . or Enter, or press ? or * to list all spells.
Aiming: Corona (safe; 7% risk of failure)
Press: ? - help, Shift-Dir - straight line, f/p - orc
Aim: an orc, wielding a hand axe (chance to defeat MR: 63%)
You miscast Corona.
You are very lightly contaminated with residual magic.
Nothing appears to happen.
The orc hits you but does no damage.
Casting: Corona (safe; 7% risk of failure)
Confirm with . or Enter, or press ? or * to list all spells.
Aiming: Corona (safe; 7% risk of failure)
Press: ? - help, Shift-Dir - straight line, f/p - orc
Aim: an orc, wielding a hand axe (chance to defeat MR: 63%)
The orc is outlined in light.
The orc hits you with a hand axe.
You die...

#.# #((. #.#
#(.# #.# #(.#
#.# #..# #†#
#..#
#.########(.#
#.........(.#
##########o##
#@# ........#
#########


You could see an orc.

Vanquished Creatures
  2 adders
  4 oozes (D:1)
  4 dart slugs
  4 leopard geckos
  2 orcs (D:3)
  10 goblins
  7 hobgoblins
  7 jackals (D:2)
  6 kobolds
  2 quokkas (D:3)
  9 bats
  A frilled lizard (D:2)
  9 rats
67 creatures vanquished.

Notes
Turn   | Place    | Note
-------+----------+-------------------------------------------
     0 | D:1      | popedarpa the Ogre Arcane Marksman began the quest for the
                  | Orb.
     0 | D:1      | Reached XP level 1. HP: 19/19 MP: 2/2
    76 | D:1      | Reached XP level 2. HP: 12/28 MP: 2/4
   753 | D:1      | Reached XP level 3. HP: 3/36 MP: 5/5
  2426 | D:2      | Reached XP level 4. HP: 20/45 MP: 6/6
  2713 | D:2      | HP: 2/45 [hobgoblin/club (1)]
  3286 | D:2      | Found a glowing silver altar of Zin.
  4043 | D:3      | Reached XP level 5. HP: 8/54 MP: 4/8
  4046 | D:3      | Slain by an orc

Vault maps used:
D:1:      erik_arrival_gehennom
D:2:      kennysheep_six_static_rooms, lemuel_coloured_pillars_altar
D:3:      chequers_ecumenical_altar_simple_redux

Skill      XL: |  1  2  3  4 |
---------------+-------------+-----
Fighting       | 2 3 |  3.7
Hexes          | 3 |  3.1
Throwing       | 3 |  3.1
Spellcasting   | 2 |  2.2
Maces & Flails | |  0.8
Dodging        | |  1.7

Action                   |  1- 3 |  4- 6 || total
-------------------------+-------+-------++-------
Melee: Club              |   131 |   151 ||   282
Throw: Stone             |    93 |    47 ||   140
       Large rock        |    10 |     2 ||    12
       Throwing net      |     2 |       ||     2
 Cast: Corona            |     4 |    10 ||    14
  Use: Potion            |       |     2 ||     2
  Eat: Chunk             |     3 |     4 ||     7
       Ration            |     1 |       ||     1
Armor: Robe              |    78 |    66 ||   144
Dodge: Dodged            |   160 |   136 ||   296

Table legend:
 A = Non-vault XP
 B = Vault XP
 C = Vault XP percentage of total XP
 D = Non-vault monster count
 E = Vault monster count
 F = Vault count percentage of total count
                 A         B        C        D         E       F
            +---------+---------+-------+---------+---------+-------
      Total |     141 |      29 |  17.1 |      56 |      11 |  16.4
            +---------+---------+-------+---------+---------+-------
        D:1 |      55 |      19 |  25.7 |      25 |       5 |  16.7
        D:2 |      52 |      10 |  16.1 |      22 |       6 |  21.4
        D:3 |      34 |       0 |   0.0 |       9 |       0 |   0.0
            +---------+---------+-------+---------+---------+-------
